 Dungeon Crawl Stone Soup version 0.23.2-1-ga50397a6bc (webtiles) character file.

Game seed: 8892882584121854045

137 Freyura the Charmwright (level 5, 0/43 HPs)
             Began as a Gnoll Skald on May 28, 2019.
             Killed from afar by an orc wizard (4 damage)
             ... with a magic dart
             ... on level 2 of the Dungeon.
             The game lasted 00:10:37 (2150 turns).

Freyura the Charmwright (Gnoll Skald)               Turns: 2150, Time: 00:10:38

Health: 0/43       AC:  4    Str: 13    XL:     5   Next: 20%
Magic:  3/12       EV: 14    Int: 16    God:
Gold:   92         SH:  0    Dex: 15    Spells: 8/14 levels left

rFire    . . .     SeeInvis .   f - +0 whip
rCold    . . .     Gourm    .   (no shield)
rNeg     . . .     Faith    .   b - +0 leather armour
rPois    .         Spirit   .   j - +0 helmet
rElec    .         Reflect  .   (no cloak)
rCorr    .         Harm     .   (no gloves)
MR       .....                  (no boots)
Stlth    ++........             (no amulet)
HPRegen  0.14/turn              (no ring)
MPRegen  0.13/turn              (no ring)

@: no status effects
A: distributed training, fangs 1, strong nose
a: no special abilities


You were on level 2 of the Dungeon.
You were very hungry.

You visited 1 branch of the dungeon, and saw 3 of its levels.

You collected 92 gold pieces.

Inventory:

Hand Weapons
 f - a +0 whip (weapon)
Armour
 b - a +0 leather armour (worn)
 j - a +0 helmet (worn)
Scrolls
 a - a scroll of teleportation
 c - 2 scrolls of remove curse {unknown}
 e - a scroll of fear {unknown}
 g - a scroll of identify
 l - a scroll of amnesia {unknown}
Potions
 h - a potion of lignification {unknown}
 i - 2 potions of curing
 k - a potion of cancellation {unknown}
Comestibles
 d - 3 rations


   Skills:
 + Level 4.7 Fighting
 + Level 1.3 Short Blades
 + Level 1.3 Long Blades
 + Level 1.3 Axes
 + Level 4.7 Maces & Flails
 + Level 1.3 Polearms
 + Level 1.3 Staves
 + Level 1.3 Slings
 + Level 1.3 Bows
 + Level 1.3 Crossbows
 + Level 1.3 Throwing
 + Level 2.9 Armour
 + Level 4.7 Dodging
 + Level 1.3 Stealth
 + Level 1.3 Shields
 + Level 1.3 Unarmed Combat
 + Level 5.1 Spellcasting
 + Level 1.1 Conjurations
 + Level 1.1 Hexes
 + Level 5.5 Charms
 + Level 1.1 Summonings
 + Level 1.1 Necromancy
 + Level 1.1 Translocations
 + Level 1.1 Transmutations
 + Level 1.1 Fire Magic
 + Level 1.1 Ice Magic
 + Level 1.1 Air Magic
 + Level 1.1 Earth Magic
 + Level 1.1 Poison Magic
 + Level 1.5 Invocations
 + Level 1.3 Evocations


You had 8 spell levels left.
You knew the following spells:

 Your Spells              Type           Power        Failure   Level  Hunger
a - Infusion              Chrm           ###.         1%          1    None
b - Shroud of Golubria    Chrm/Tloc      ##........   8%          2    #......
c - Regeneration          Chrm/Necr      ##........   14%         3    ###....

Your spell library contained the following spells:

 Spells                   Type           Power        Failure   Level  Hunger
 Song of Slaying          Chrm           ###.....     3%          2    #......
 Spectral Weapon          Hex/Chrm       ##......     14%         3    ###....


Dungeon Overview and Level Annotations

Branches:
Dungeon (3/15)

Altars:


Innate Abilities, Weirdness & Mutations

Your experience applies equally to all skills.
You have very sharp teeth.
Your uncanny sense of smell can sniff out nearby items.


Message History

The orc misses you.
The orc wizard hits you with a +0 dagger.
* * * LOW HITPOINT WARNING * * *
Casting: Infusion (safe; 1% risk of failure)
Confirm with . or Enter, or press ? or * to list all spells.
You don't have enough magic to cast that spell.
You hit the orc wizard.
The orc wizard is heavily wounded.
The orc hits you with a +0 whip.
* * * LOW HITPOINT WARNING * * *
The orc wizard closely misses you.
You closely miss the orc wizard.
The orc wizard is heavily wounded.
The orc barely misses you. The orc wizard closely misses you.
You hit the orc wizard.
The orc wizard is almost dead.
The orc misses you. The orc wizard casts a spell at you.
The magic dart hits you.
You die...

########.##.#####.###.####### ###
# ##.##.(.....###...# #
#...#####.......#.# #
#...#####.#####.#.######### #
#.........##....#.#.......# #
#####....####.#.......#..÷...)#
###...........#)>#.#...##.......#
÷...............oo...#..........#
###...........#(@......##.......#
# #####.................(.......#
# #####...#####.####.####.......#
###...#.#(### #.#.#...#.#.#######
##..........###.##..#..##.#
#.....#####(()([#...#...#.#
......# #.##....##.##...#######
......# #.###.#...#...#..#.....
......# #.# #.##..#..##..#.####


You could see an orc wizard and an orc.

Vanquished Creatures
  Jessica (D:2)
  7 adders
  A worm (D:2)
  2 dart slugs
  2 leopard geckos
  3 orcs
  3 giant cockroaches
  6 goblins
  4 hobgoblins
  A bat (D:3)
  2 frilled lizards
  5 kobolds (D:2)
  5 rats
42 creatures vanquished.

Notes
Turn   | Place    | Note
-------+----------+-------------------------------------------
     0 | D:1      | Freyura the Gnoll Skald began the quest for the Orb.
     0 | D:1      | Reached XP level 1. HP: 20/20 MP: 6/6
   326 | D:1      | Reached XP level 2. HP: 26/26 MP: 7/7
   330 | D:1      | Learned a level 2 spell: Shroud of Golubria
   981 | D:2      | Reached XP level 3. HP: 13/31 MP: 0/9
  1030 | D:2      | Learned a level 3 spell: Regeneration
  1041 | D:2      | HP: 1/31 [leopard gecko (5)]
  1042 | D:2      | Reached skill level 5 in Spellcasting
  1362 | D:2      | Reached skill level 1 in Invocations
  1462 | D:2      | Reached skill level 1 in Short Blades
  1462 | D:2      | Reached skill level 1 in Long Blades
  1462 | D:2      | Reached skill level 1 in Axes
  1462 | D:2      | Reached skill level 1 in Polearms
  1462 | D:2      | Reached skill level 1 in Staves
  1462 | D:2      | Reached skill level 1 in Slings
  1462 | D:2      | Reached skill level 1 in Bows
  1462 | D:2      | Reached skill level 1 in Crossbows
  1462 | D:2      | Reached skill level 1 in Throwing
  1462 | D:2      | Reached skill level 1 in Stealth
  1462 | D:2      | Reached skill level 1 in Shields
  1462 | D:2      | Reached skill level 1 in Unarmed Combat
  1462 | D:2      | Reached skill level 1 in Evocations
  1462 | D:2      | Reached XP level 4. HP: 33/38 MP: 6/11
  1470 | D:2      | Noticed Jessica
  1494 | D:2      | Killed Jessica
  1494 | D:2      | Reached skill level 1 in Conjurations
  1494 | D:2      | Reached skill level 1 in Hexes
  1494 | D:2      | Reached skill level 1 in Summonings
  1494 | D:2      | Reached skill level 1 in Necromancy
  1494 | D:2      | Reached skill level 1 in Translocations
  1494 | D:2      | Reached skill level 1 in Transmutations
  1494 | D:2      | Reached skill level 1 in Fire Magic
  1494 | D:2      | Reached skill level 1 in Ice Magic
  1494 | D:2      | Reached skill level 1 in Air Magic
  1494 | D:2      | Reached skill level 1 in Earth Magic
  1494 | D:2      | Reached skill level 1 in Poison Magic
  2102 | D:3      | Reached XP level 5. HP: 42/43 MP: 7/12
  2150 | D:2      | Killed from afar by an orc wizard

Skill      XL: |  1  2  3  4 |
---------------+-------------+-----
Spellcasting   | 5 |  5.1
Invocations    | 1 |  1.5
Short Blades   | 1 |  1.3
Long Blades    | 1 |  1.3
Axes           | 1 |  1.3
Polearms       | 1 |  1.3
Staves         | 1 |  1.3
Slings         | 1 |  1.3
Bows           | 1 |  1.3
Crossbows      | 1 |  1.3
Throwing       | 1 |  1.3
Stealth        | 1 |  1.3
Shields        | 1 |  1.3
Unarmed Combat | 1 |  1.3
Evocations     | 1 |  1.3
Conjurations   | 1 |  1.1
Hexes          | 1 |  1.1
Summonings     | 1 |  1.1
Necromancy     | 1 |  1.1
Translocations | 1 |  1.1
Transmutations | 1 |  1.1
Fire Magic     | 1 |  1.1
Ice Magic      | 1 |  1.1
Air Magic      | 1 |  1.1
Earth Magic    | 1 |  1.1
Poison Magic   | 1 |  1.1
Fighting       | |  4.7
Maces & Flails | |  4.7
Armour         | |  2.9
Dodging        | |  4.7
Charms         | |  5.5

Action                   |  1- 3 |  4- 6 || total
-------------------------+-------+-------++-------
Melee: Mace              |    19 |       ||    19
       Bite              |     3 |     5 ||     8
       Whip              |    73 |    83 ||   156
       Punch             |     1 |       ||     1
 Cast: Shroud of Golubri |     4 |     2 ||     6
       Infusion          |     4 |     2 ||     6
       Regeneration      |     2 |     1 ||     3
  Use: Scroll            |       |     3 ||     3
 Stab: Sleeping          |     2 |     1 ||     3
  Eat: Chunk             |     2 |     1 ||     3
Armor: Leather armour    |    12 |    32 ||    44
Dodge: Dodged            |    63 |   116 ||   179
